 Dungeon Sprint DCSS version 0.27-a0-1572-gacd6f1ce93 (webtiles) character file.

Game seed: 17043074189107431651

1124 Conn the Arsonist (level 8, -5/46 HPs)
             Began as an Octopode Fire Elementalist on July 17, 2021.
             Was a Believer of Sif Muna.
             Slain by Snorg (17 damage)
             ... in the Dungeon (Sprint III: "The Ten Rune Challenge").
             The game lasted 00:10:00 (1224 turns).

Conn the Arsonist (Octopode Fire Elementalist)      Turns: 1224, Time: 00:10:01

Health: -5/46      AC:  1    Str:  7    XL:     8   Next: 35%
Magic:  3/20       EV: 15    Int: 19    God:    Sif Muna [**....]
Gold:   43         SH:  0    Dex: 13    Spells: 5/24 levels left

rFire    . . .     SeeInvis .   m - +2 dagger (flame)
rCold    . . .     Faith    .   (no shield)
rNeg     . . .     Spirit   .   (helmet restricted)
rPois    .         Reflect  .   (no amulet)
rElec    .         Harm     .   (no ring)
rCorr    .         Rampage  .   (no ring)
Will     .....     NoTele   +   (no ring)
Stlth    +++++.....             (no ring)
HPRegen  0.15/turn              (no ring)
MPRegen  0.17/turn              (no ring)
                                (no ring)
                                (no ring)

@: no status effects
A: almost no armour, amphibious, 8 rings, camouflage 1, gelatinous body 1,
nimble swimmer 1, tentacles
a: Renounce Religion, Channel Magic


You were in the Dungeon.
You worshipped Sif Muna.
Sif Muna was pleased with you.
You visited 1 branch You collected 43 gold pieces.

Inventory:

Hand Weapons
 l - a +0 dagger
 m - a +2 dagger of flaming (weapon)
Scrolls
 f - a scroll of blinking
 g - 2 scrolls of torment {unknown}
 h - 2 scrolls of identify
 j - a scroll of summoning {unknown}
Potions
 a - 4 potions of curing
 b - a potion of heal wounds
 d - 2 potions of magic
 e - 2 potions of mutation {unknown}
 i - a potion of degeneration {unknown}
 k - a potion of might
Miscellaneous
 n - a condenser vane


   Skills:
 + Level 5.8 Dodging
 + Level 7.1 Stealth
 + Level 0.1 Unarmed Combat
 + Level 8.7 Spellcasting
 + Level 6.1 Conjurations
 * Level 2.3 Translocations
 + Level 12.0 Fire Magic


You had 5 spell levels left.
You knew the following spells:

 Your Spells              Type           Power      Damage    Failure   Level
a - Foxfire               Conj/Fire      100%       2x1d9     1%          1
b - Conjure Flame         Conj/Fire      42%        6-21      1%          3
c - Inner Flame           Hex/Fire       31%        N/A       2%          3
d - Sticky Flame          Conj/Fire      42%        2d6       1%          4
e - Fireball              Conj/Fire      21%        3d10      5%          5
f - Teleport Other        Tloc           17%        N/A       10%         3

Your spell library contained the following spells:

 Spells                   Type           Power      Damage    Failure   Level
 Gell's Gravitas          Tloc           8%         N/A       10%         3
 Lesser Beckoning         Tloc           8%         N/A       10%         3


Dungeon Overview and Level Annotations

Branches:
Dungeon (1/1)

Altars:
Cheibriados
Dithmenos
Elyvilon
Fedhas
Gozag
Hepliaklqana
Kikubaaqudgha
Makhleb
Nemelex Xobeh
Okawaru
Qazlal
Ru
Sif Muna
Trog
Uskayaw
Vehumet
Wu Jian
Xom
Yredelemnul
Zin
The Shining One
Beogh
Jiyva
Lugonu

Annotations:
D Snorg


Innate Abilities, Weirdness & Mutations

You cannot wear most types of armour.
You are amphibious.
You can wear up to eight rings at the same time.
Your skin changes colour to match your surroundings (Stealth+).
Your rubbery body absorbs attacks. (AC +1, EV +1)
You are camouflaged near water. (Stealth+)
You have tentacles for arms and can constrict up to eight enemies at once.


Message History

The fireball explodes!
The fireball engulfs Snorg!
Snorg is moderately wounded.
Unknown command.
Snorg is engulfed in a cloud of scalding steam.
You are engulfed in a cloud of scalding steam.
You are engulfed in a cloud of scalding steam.
* * * LOW HITPOINT WARNING * * *
Your extra speed is starting to run out.
Snorg is engulfed in a cloud of scalding steam.
Snorg is engulfed in a cloud of scalding steam.
Snorg is no longer berserk.
Casting: Fireball (quite dangerous; 5% risk of failure)
Confirm with . or Enter, or press ? or * to list all spells.
You conjure some foxfire!
You feel yourself slow down.
The foxfire hits Snorg.
Snorg is moderately wounded.
The foxfire hits Snorg.
Snorg is heavily wounded.
Snorg is engulfed in a cloud of scalding steam.
Casting: Foxfire (safe; 1% risk of failure)
Confirm with . or Enter, or press ? or * to list all spells.
You conjure some foxfire!
Snorg looks more energetic.
The foxfire hits Snorg.
Snorg is heavily wounded.
The foxfire hits Snorg!
Snorg is heavily wounded.
Snorg is engulfed in a cloud of scalding steam.
Snorg goes berserk!
Casting: Foxfire (safe; 1% risk of failure)
Confirm with . or Enter, or press ? or * to list all spells.
You conjure some foxfire!
The foxfire hits Snorg.
Snorg is severely wounded.
The foxfire hits Snorg.
Snorg is severely wounded.
Snorg is engulfed in a cloud of scalding steam.
Snorg barely misses you. Snorg closely misses you. x2
Snorg misses you. Snorg claws you!
You die...

▓▓▓▓▓▓▓▓▓▓▓▓▓ ▓▓▓
▓<.#..'...♣.♣ ♣.#########
▓..#..#.....♣ ♣♣.#___#___#
▓#'####....♣♣♣ ♣..#...#__)#
▓.....#....≈.♣♣♣..###)#'###
▓.....#...≈≈♣♣....#........
▓....[#..≈≈≈≈♣.♣♣.[.÷......
▓####'#..T≈≈≈[≈.♣.#...#####
▓(....#.≈§@≈≈≈....#.⌠.#v_#.
▓.....#.≈≈≈≈≈.....#...#__#.
▓.....#.≈≈≈.......#'###__#.
▓'#####...........#...#__#.
▓.................#___#__+.
▓▓▓▓▓▓▓▓▓▓▓▓▓▓▓▓▓▓▓▓▓▓▓▓▓▓▓


You could see Snorg (berserk).

Vanquished Creatures
  A deep elf pyromancer (D)
  A shadow (D)
  A necrophage (D)
  A water elemental (D)
  A jelly (D)
  A wizard (D)
  A necromancer (D)
  3 humans (D)
  A kobold demonologist (D)
  A wolf (D)
  2 endoplasms (D)
  2 rats (D)
16 creatures vanquished.

Vanquished Creatures (others)
  57 foxfires (D)
  3 plants (D)
60 creatures vanquished.

Grand Total: 76 creatures vanquished

Notes
Turn   | Place    | Note
-------+----------+-------------------------------------------
     0 | D        | Conn the Octopode Fire Elementalist began the quest for the
                  | Orb.
     0 | D        | Reached XP level 1. HP: 11/11 MP: 3/3
   123 | D        | Noticed a wolf
   132 | D        | Reached skill level 4 in Fire Magic
   132 | D        | Reached XP level 2. HP: 4/17 MP: 0/6
   136 | D        | Reached skill level 5 in Fire Magic
   136 | D        | Reached XP level 3. HP: 8/21 MP: 0/7
   348 | D        | Learned a level 3 spell: Conjure Flame
   352 | D        | Learned a level 3 spell: Inner Flame
   365 | D        | Noticed a water elemental
   541 | D        | Killed a water elemental
   542 | D        | Reached skill level 6 in Fire Magic
   542 | D        | Reached XP level 4. HP: 27/27 MP: 5/10
   594 | D        | Found a radiant altar of Vehumet.
   594 | D        | Found a shimmering blue altar of Sif Muna.
   594 | D        | Found an ancient bone altar of Kikubaaqudgha.
   594 | D        | Noticed a wizard
   601 | D        | Learned a level 4 spell: Sticky Flame
   620 | D        | Killed a wizard
   621 | D        | Reached skill level 7 in Fire Magic
   621 | D        | Reached XP level 5. HP: 31/31 MP: 9/11
   653 | D        | Became a worshipper of Sif Muna the Loreminder
   702 | D        | Found a hide-covered altar of Uskayaw.
   702 | D        | Found an iron altar of Okawaru.
   702 | D        | Found a bloodstained altar of Trog.
   702 | D        | Found an ornate altar of the Wu Jian Council.
   702 | D        | Noticed a human
   702 | D        | Noticed a human
   724 | D        | Killed a human
   725 | D        | Reached skill level 5 in Stealth
   725 | D        | Reached skill level 5 in Spellcasting
   725 | D        | Reached skill level 9 in Fire Magic
   725 | D        | Reached XP level 6. HP: 36/36 MP: 7/14
   729 | D        | Killed a human
   730 | D        | Reached skill level 10 in Fire Magic
   803 | D        | Found a glowing silver altar of Zin.
   803 | D        | Found a glowing golden altar of the Shining One.
   803 | D        | Found a white marble altar of Elyvilon.
   804 | D        | Noticed a deep elf pyromancer
   814 | D        | Learned a level 5 spell: Fireball
   828 | D        | Killed a deep elf pyromancer
   828 | D        | Reached * piety under Sif Muna
   829 | D        | Reached skill level 5 in Dodging
   829 | D        | Reached skill level 5 in Conjurations
   829 | D        | Reached skill level 11 in Fire Magic
   829 | D        | Reached XP level 7. HP: 28/41 MP: 2/18
   929 | D        | Learned a level 3 spell: Teleport Other
   934 | D        | Found a basalt altar of Yredelemnul.
   934 | D        | Found a shadowy altar of Dithmenos.
   934 | D        | Found a sacrificial altar of Ru.
   946 | D        | Reached skill level 1 in Translocations
   946 | D        | Reached XP level 8. HP: 46/46 MP: 14/20
  1012 | D        | Noticed a shadow
  1015 | D        | Killed a shadow
  1015 | D        | Reached ** piety under Sif Muna
  1016 | D        | Reached skill level 12 in Fire Magic
  1137 | D        | Found a blossoming altar of Fedhas.
  1137 | D        | Found a stormy altar of Qazlal.
  1137 | D        | Found a snail-covered altar of Cheibriados.
  1137 | D        | Found a burning altar of Makhleb.
  1137 | D        | Found a shimmering altar of Xom.
  1138 | D        | Found a hazy altar of Hepliaklqana.
  1138 | D        | Found an opulent altar of Gozag.
  1138 | D        | Found a sparkling altar of Nemelex Xobeh.
  1138 | D        | Found a corrupted altar of Lugonu.
  1138 | D        | Found a viscous altar of Jiyva.
  1157 | D        | Noticed Snorg
  1224 | D        | Slain by Snorg

Illustrated notes

Levels and vault maps discovered:
D:        dungeon_sprint_mu [sprint_mu_entry_forest, sprint_mu_temple_rooms,
          sprint_mu_d1_horrors, sprint_mu_d2_genie, sprint_mu_d3_branching,
          sprint_mu_orc_legion, sprint_mu_elf_gauntlet, sprint_mu_hive_nellie,
          sprint_mu_lair_fedhas, sprint_mu_vaults_butterflies,
          sprint_mu_slime_circle, sprint_mu_swamp_cave, sprint_mu_snake_twists,
          sprint_mu_blade_basic, sprint_mu_crypt_lich, sprint_mu_tomb_spiral,
          sprint_mu_vestibule_basic, sprint_mu_gehenna_hellfire,
          sprint_mu_dis_giant, sprint_mu_tartarus_statrot,
          sprint_mu_cocytus_islands, sprint_mu_zot1]

Skill      XL: |  1  2  3  4  5  6  7  8 |
---------------+-------------------------+-----
Stealth        | 3 4 5 6 7 |  7.1
Spellcasting   | 3 4 5 8 |  8.7
Fire Magic     | 4 5 6 7 9 11 12 | 12.0
Dodging        | 3 4 5 |  5.8
Conjurations   | 2 3 5 6 |  6.1
Translocations | 1 2 |  2.3
Unarmed Combat | |  0.1

Action                   |  1- 3 |  4- 6 |  7- 9 || total
-------------------------+-------+-------+-------++-------
Melee: Unarmed           |     2 |       |       ||     2
       Dagger            |       |       |     1 ||     1
 Cast: Foxfire           |    16 |    12 |     5 ||    33
       Conjure Flame     |     1 |       |       ||     1
       Sticky Flame      |       |     2 |     3 ||     5
       Fireball          |       |     1 |     7 ||     8
       Inner Flame       |       |       |     1 ||     1
  Use: Potion            |     1 |       |     1 ||     2
Armor: Skin              |       |       |     1 ||     1
Dodge: Dodged            |     3 |     1 |    13 ||    17

Table legend: (Time is in decaauts)
 A = Elapsed time spent in this place.
 B = Non-inter-level travel time spent in this place.
 C = Inter-level travel time spent in this place.
 D = Time resting spent in this place.
 E = Time spent auto-exploring this place.
 F = Levels seen in this place.
 G = Mean time per level.
                   A        B        C        D        E       F      G
               +--------+--------+--------+--------+--------+-----+--------+
         Total |   1222 |   1222 |      0 |    711 |     74 |   1 | 1222.0 |
       Dungeon |   1222 |   1222 |      0 |    711 |     74 |   1 | 1222.0 |
               +--------+--------+--------+--------+--------+-----+--------+

Top non-repeatable levels by time:
       D: 1222 daAuts
